mrgnz, chaotic male elven Wizard ----- ---- --- ---...| |..-- --.-- |.....| |...| -----...-- |--.--- ---.--- |........| |...---- |.I.|---- |........| |.--(..| --- ---.|.|.---..--...-- ---|.||...-- |.. |..........| -..----|..|.|---<.| |..... --.........---...--.|..|.-- |).| -...............................--|.-- --....................[..=(..(.)).|.| |..................---.....---...|.- --.......----..---..---.....---...|. ------- .....- |....................)..).)....(..........................- |....?...----..----------------.......?..------ ---- | ----..... .... --.............. --.... ..... -.....--- ...-- --...- .....- -....| ..| -----|..---- ---.-- | --- -- mrgnz the Conjurer Experience level: 5 Strength: 11 Dexterity: 13 Constitution: 13 Intelligence: 20 Wisdom: 11 Charisma: 9 Health: 0(44) Energy: 7(59) Def: 4 Gold: 159 Moves: 2907 Dungeon seed: QFFs8PecGX27Wcnn Game ID: mrgnz_1548087459 Your Inventory: Coins $ - 159 gold pieces Weapons a - a blessed +3 quarterstaff (weapon in hands) I - a +0 crossbow J - 9 +0 crossbow bolts O - a +0 bow P - a +0 aklys Armor e - an uncursed +0 cloak of magic resistance (being worn) q - an uncursed +0 elven leather helm (being worn) y - an uncursed +0 oilskin cloak N - an uncursed +0 dwarvish cloak Y - an uncursed +0 pair of iron shoes (being worn) Comestibles L - an uncursed partly eaten gnome corpse Q - an uncursed partly eaten gnome lord corpse Scrolls i - 3 uncursed scrolls of teleportation Spellbooks l - a blessed spellbook of force bolt m - an uncursed spellbook of detect monsters Potions f - an uncursed potion of see invisible g - 2 uncursed potions of water Rings d - an uncursed ring of teleportation M - an uncursed ring of invisibility (on left hand) Wands b - a wand of cold (0:4) Tools n - an uncursed blindfold o - an uncursed wooden flute r - an uncursed lock pick A - an uncursed mirror G - an uncursed tin opener K - 5 blessed tallow candles (0:200) Gems z - an uncursed worthless piece of yellowish brown glass H - an uncursed worthless piece of green glass R - an uncursed worthless piece of white glass Spells and supernatural/magical abilities: Name Level Category Fail Memory a - force bolt 1 attack 0% 86% n - detect monsters 1 divination 0% 86% G - detect treasure 4 divination 97% 93% W - pray for help -- divine ? -- Your skills at the end: Fighting Skills Weapon Skills quarterstaff [Basic] Spellcasting Skills attack spells [Basic] enchantment spells [Basic] Final Attributes: You were piously aligned. You were sleep resistant. You were magic-protected. You were blinded. You had infravision. You were invisible. You were unlucky. Anhur was angry with you. You are dead. Vanquished creatures: a small mimic a water nymph a rock piercer 2 gnome lords a gray ooze a straw golem a floating eye 3 dwarves a kobold lord a rothe 2 iguanas an acid blob 2 coyotes 3 hobbits a hobgoblin a yellow mold a green mold 7 gnomes a gecko 8 jackals a fox a kobold 12 grid bugs a bat 2 lichens a kobold zombie 5 newts 63 creatures vanquished. Voluntary challenges: You did not eat until turn 1876. You had followed a strict vegan diet until turn 1876. You had followed a strict vegetarian diet until turn 1936. You used a wielded weapon 22 times, starting on turn 3. You read items or engraved 37 times, starting on turn 37. You never genocided any monsters. You never polymorphed an object. You never changed form. You used no wishes. You never split a pudding. You wrote Elbereth's name 1 time, starting on turn 2824. You never violated your personal moral code. Dungeon overview: The Dungeons of Doom: levels 1 to 4 Level 1 a long staircase Level 2 a general store, an altar to Ptah, a fountain Level 3 Level 4 a fountain stairs to The Gnomish Mines The Gnomish Mines: Level 5 <- You were here stairs to The Dungeons of Doom History has recorded: On T:1 you entered the Dungeons of Doom to retrieve the Amulet of Yendor! On T:622 you reached level 2 of The Dungeons of Doom. On T:627 you advanced to experience level 2. On T:954 you advanced to experience level 3. On T:1636 you reached level 3 of The Dungeons of Doom. On T:1717 you advanced to experience level 4. On T:2105 you reached level 4 of The Dungeons of Doom. On T:2705 you reached level 1 of The Gnomish Mines. On T:2736 you advanced to experience level 5. Score breakdown: Gold: 159 ( 7497 points) Experience: 5 levels (11141 points) Exploration: 5 levels ( 10.42%) ( 8751 points) Discoveries: 7 items ( 2.53%) ( 4769 points) Valuables value: (no points given unless you survive) Artifact value: 0 ( 0 points) Variety of kills: 27 monsters ( 7.09%) ( 7986 points) Turncount: 2907 turns ( -553 points) Survival: died (score multiplied by 80%) Total score: 31672 Latest messages: You are now wearing a sapphire ring. Gee! All of a sudden, you can't see yourself. The gnome lord wields a thonged club! The spell hits the gnome lord! You kill the gnome lord! There are a few objects here. O - a bow. P - a thonged club. Q - a gnome lord corpse. R - a white gem. You rebalance your load. Movement is difficult. The gnome bumps right into you! Blecch! Rotten food! Everything suddenly goes dark. You stop eating. It hits! You die... Final status: Goodbye mrgnz the Wizard, killed by a gnome... You died in The Gnomish Mines on dungeon level 5 with 31672 points, and 159 pieces of gold, after 2907 moves. You were level 5 with a maximum of 44 hit points when you died.